Map: Rhoskallian LE

Players

Massa

  • Race: Terran Terran
  • Spawn Location: 6:00

qqq

  • Race: Zerg Zerg
  • Spawn Location: 5:00

Louie - Winner!

  • Race: Terran Terran
  • League: Gold
  • Spawn Location: 12:00

IMGsaibh - Winner!

  • Race: Protoss Protoss
  • League: Diamond
  • Spawn Location: 11:00

VOD

Have the link to the VOD?

Description

Time

  • Played on: June 19, 2020, 5:43 p.m.
  • Length: 12:03
Show
View Real Time Build Order
Export as new Build Order

Massa Terran 

Build Orders:  

Get SALT Encoding   

  12  0:09  SCV  
  13  0:18  Supply Depot  
  13  0:21  SCV  
  14  0:33  SCV  
  15  0:40  Barracks  
  15  0:45  SCV  
  16  0:57  SCV  
  17  1:10  SCV  
  18  1:27  SCV  
  19  1:39  SCV  
  19  1:51  SCV  
  19  1:53  Marine  
  21  1:56  Command Center  
  21  2:05  SCV  
  22  2:09  Refinery  
  22  2:11  Marine  
  22  2:17  SCV  
  23  2:25  Refinery  
  23  2:27  Command Center  
  23  2:39  Supply Depot  
  23  2:46  Supply Depot  
  23  2:54  Orbital Command  
  23  3:01  Marine  
  24  3:10  Supply Depot  
  24  3:16  SCV  
  24  3:18  Marine  
  26  3:20  SCV  
  27  3:28  SCV  
  27  3:32  SCV  
  29  3:36  Marine  
  29  3:41  SCV  
  31  3:50  SCV  
  31  3:53  SCV  
  31  3:54  Marine  
  34  4:00  Engineering Bay  
  34  4:02  SCV  
  35  4:05  SCV  
  35  4:07  Barracks  
  36  4:12  Marine  
  36  4:17  SCV  
  38  4:23  SCV  
  40  4:29  SCV  
  40  4:30  Orbital Command, Marine  
  41  4:36  SCV  
  42  4:39  Terran Infantry Weapons Level 1  
  42  4:41  SCV  
  42  4:44  Barracks  
  43  4:48  SCV, Factory  
  44  4:55  Missile Turret  
  44  4:57  Barracks Tech Lab  
  44  5:17  Missile Turret  
  44  5:22  Barracks Tech Lab  
  44  5:23  Barracks  
  44  5:35  Factory Tech Lab  
  44  5:37  Armory  
  44  5:38  Barracks Reactor  
  44  5:40  Stimpack  
  44  5:42  Concussive Shells  
  44  5:43  Marine  
  44  5:44  Marine  
  46  6:01  Marine, Missile Turret  
  46  6:02  Marine, Missile Turret  
  46  6:03  Missile Turret  
  48  6:05  Missile Turret  
  48  6:17  Barracks Tech Lab  
  48  6:19  Marine x2  
  48  6:23  Refinery  
  48  6:24  Refinery, Missile Turret  
  50  6:31  SCV  
  50  6:32  SCV x2  
  53  6:33  Terran Infantry Armor Level 1  
  53  6:37  Marine x2  
  53  6:38  Refinery  
  55  6:42  Combat Shield  
  55  6:43  SCV, Marauder  
  55  6:44  SCV x2, Marine  
  55  6:45  Marine  
  62  6:55  SCV, Marine x2  
  62  6:56  SCV x2  
  67  7:02  Marine  
  67  7:03  Marine  
  67  7:05  Marauder  
  71  7:08  SCV  
  71  7:13  Marauder x2, Missile Turret  
  76  7:17  Missile Turret  
  76  7:20  Marine  
  77  7:23  Starport  
  77  7:24  Starport  
  77  7:30  Supply Depot  
  77  7:37  Missile Turret, Terran Vehicle Weapons Level 1  
  77  7:52  Marine x4, Siege Tank  
  77  7:53  Marine  
  77  7:54  Orbital Command, Supply Depot  
  85  8:16  Marauder, Marine x4  
  85  8:18  Medivac  
  85  8:19  Supply Depot  
  93  8:20  Supply Depot  
  93  8:22  Supply Depot  
  93  8:24  Supply Depot  
  93  8:27  Hi-Sec Auto Tracking  
  93  8:41  Marauder, Marine, Thor, Medivac  
  93  8:45  SCV x3  
  107  8:48  Medivac, Supply Depot  
  109  8:57  SCV x2  
  109  8:58  SCV  
  112  9:09  SCV x2  
  114  9:10  SCV  
  114  9:11  Viking  
  117  9:18  Engineering Bay, Viking  
  117  9:22  SCV  
  120  9:24  Terran Infantry Weapons Level 2, Thor  
  126  9:34  Factory  
  126  9:41  Viking  
  126  9:43  Refinery  
  128  9:48  Viking  
  128  9:50  SCV x3  
  133  9:54  Command Center  
  133  10:12  Supply Depot x2  
  133  10:15  Supply Depot x2  
  133  10:33  Thor  
  133  10:34  SCV x3, Marauder x3, Marine  
  149  10:36  Marine, Viking  
  152  10:46  SCV x3  
  142  10:52  Marine  
  142  10:56  Marauder x3  
  114  10:58  SCV x3  
  114  11:00  Marine  
  114  11:03  Factory Tech Lab  
  96  11:09  Marine  
  96  11:10  SCV  
  94  11:14  SCV  
  94  11:15  SCV x2  
  94  11:16  Thor  
  94  11:17  Marauder x3, Marine  
  109  11:19  Missile Turret  
  109  11:22  SCV  
  103  11:27  SCV x3, Marine  
  103  11:31  Missile Turret  
  105  11:34  SCV  
  105  11:35  Marine  
  105  11:39  Marauder x3, Missile Turret  
  92  11:59  Missile Turret  
Show
View Real Time Build Order
Export as new Build Order

qqq Zerg 

Build Orders: Hatch First 

Get SALT Encoding   

  12  0:03  Drone  
  13  0:09  Drone  
  14  0:37  Hatchery  
  13  0:52  Spawning Pool  
  12  1:00  Overlord  
  12  1:05  Drone  
  12  1:10  Drone  
  14  1:18  Drone, Extractor  
  14  1:35  Drone  
  14  1:36  Drone  
  16  1:45  Queen  
  18  1:55  Drone  
  18  2:00  Drone  
  20  2:12  Drone, Zergling x2  
  20  2:13  Zergling x2  
  23  2:21  Drone, Queen  
  26  2:23  Overlord  
  26  2:34  Zergling x2  
  27  2:41  Drone, Queen  
  30  2:48  Metabolic Boost  
  30  2:54  Drone  
  30  2:55  Drone  
  32  2:59  Zergling x2  
  32  3:02  Zergling x2  
  32  3:05  Drone  
  35  3:16  Overlord  
  35  3:17  Overlord  
  35  3:20  Zergling x2  
  36  3:35  Zergling x4  
  36  3:37  Drone  
  36  3:38  Zergling x2  
  36  3:39  Drone  
  41  3:42  Drone  
  42  3:54  Zergling x2  
  43  3:56  Drone x3  
  43  3:59  Spore Crawler  
  45  4:04  Drone x2, Spore Crawler  
  45  4:05  Drone  
  47  4:18  Hatchery  
  47  4:22  Lair  
  46  4:29  Evolution Chamber  
  44  4:32  Zergling x4  
  44  4:33  Zergling x2  
  47  4:39  Drone  
  48  4:48  Zergling x2  
  48  4:51  Drone  
  50  5:10  Drone  
  50  5:11  Overlord x2  
  50  5:12  Overlord x3  
  50  5:13  Overlord x3  
  51  5:49  Queen  
  51  5:50  Drone x2, Hydralisk Den  
  51  5:51  Drone  
  51  5:52  Drone x3  
  51  5:53  Drone  
  51  5:54  Drone x2  
  61  6:11  Drone x2  
  63  6:13  Zergling x2  
  64  6:32  Hydralisk  
  64  6:33  Hydralisk  
  64  6:38  Zerg Ground Armor Level 1  
  68  6:44  Hatchery  
  67  6:49  Drone x3  
  67  6:51  Hatchery  
  69  6:55  Drone x3, Extractor  
  69  6:56  Extractor  
  69  6:57  Hatchery  
  69  6:59  Hydralisk x2  
  69  7:00  Extractor, Hydralisk  
  75  7:01  Drone  
  75  7:12  Drone x2  
  77  7:16  Spore Crawler  
  77  7:17  Spore Crawler  
  75  7:23  Overseer  
  75  7:26  Hydralisk  
  77  7:31  Drone x3  
  77  7:32  Drone x2  
  77  7:33  Overlord x2  
  82  7:41  Grooved Spines  
  82  7:46  Drone x3  
  82  7:49  Spore Crawler  
  84  7:51  Spore Crawler  
  84  7:53  Spore Crawler  
  84  7:58  Hydralisk x2  
  82  8:04  Drone x3  
  82  8:05  Drone  
  90  8:18  Hydralisk x2  
  94  8:23  Drone x6  
  94  8:24  Drone x6  
  106  8:32  Zerg Missile Weapons Level 1  
  106  8:37  Hydralisk  
  106  8:39  Spire  
  107  8:41  Hydralisk  
  107  8:45  Drone x4  
  107  8:46  Spore Crawler  
  112  8:49  Spore Crawler  
  112  8:52  Spore Crawler, Muscular Augments  
  110  9:00  Drone x4  
  110  9:01  Drone  
  115  9:04  Hydralisk  
  115  9:05  Hydralisk  
  119  9:13  Drone x7  
  119  9:14  Drone x5  
  119  9:15  Hydralisk  
  133  9:19  Extractor  
  133  9:23  Hydralisk  
  132  9:25  Zergling x2  
  132  9:26  Overlord x3  
  132  9:29  Hatchery  
  134  9:32  Drone x4  
  134  9:36  Extractor  
  134  9:37  Extractor  
  136  9:47  Lurker Den  
  136  9:48  Spore Crawler  
  134  9:53  Zerg Flyer Armor Level 1  
  134  9:57  Zergling x4  
  134  9:58  Zergling x12  
  134  9:59  Drone x5  
  148  10:00  Drone x4  
  150  10:19  Corruptor x2  
  150  10:20  Corruptor  
  143  10:22  Zergling x8  
  143  10:23  Drone x4  
  143  10:24  Drone x2  
  151  10:29  Extractor  
  151  10:34  Drone x3  
  146  10:37  Hatchery  
  146  10:39  Zergling x10  
  109  10:53  Hatchery  
  98  11:04  Corruptor x4  
  98  11:05  Corruptor x2  
  110  11:23  Corruptor x2  
  110  11:24  Corruptor  
  109  11:29  Zergling x2  
  109  11:30  Zergling x4  
  109  11:31  Drone x4  
  109  11:32  Drone x2  
Show
View Real Time Build Order
Export as new Build Order

Louie Terran - Winner!

Build Orders:  

Get SALT Encoding   

  12  0:01  SCV  
  13  0:13  SCV  
  14  0:18  Supply Depot  
  14  0:25  SCV  
  15  0:40  SCV  
  16  0:42  Barracks  
  16  0:52  SCV  
  16  0:53  Refinery  
  17  1:04  SCV  
  18  1:31  Marine  
  19  1:52  Supply Depot  
  19  1:53  Marine  
  20  2:01  Barracks  
  20  2:03  SCV  
  20  2:04  Factory  
  21  2:09  Command Center  
  21  2:12  Marine  
  22  2:21  Bunker  
  22  2:35  SCV  
  23  2:47  SCV, Marine  
  25  2:56  Starport  
  25  2:57  Factory Tech Lab  
  25  2:59  SCV  
  25  3:01  Barracks Reactor  
  26  3:06  Marine  
  27  3:17  Orbital Command  
  27  3:25  Refinery  
  27  3:34  Orbital Command  
  27  3:48  Siege Tank  
  30  3:51  Marine  
  30  3:52  Marine  
  32  3:59  Barracks Tech Lab  
  32  4:09  Marine x2  
  34  4:22  Marine  
  35  5:08  Siege Tank  
  35  5:09  Marauder, Marine x2  
  42  5:27  Marine x2  
  44  5:29  Orbital Command  
  44  5:30  Marine, Stimpack  
  44  5:32  SCV  
  46  5:53  SCV, Marine  
  46  5:56  Supply Depot  
  48  6:03  SCV  
  49  6:05  SCV  
  50  6:15  SCV  
  51  6:24  SCV, Supply Depot  
  52  6:27  SCV  
  53  6:33  Refinery  
  53  6:35  Refinery  
  53  6:37  SCV  
  53  6:39  SCV  
  55  6:44  Marine x2  
  57  6:49  SCV  
  57  6:52  SCV  
  59  7:01  SCV  
  60  7:04  SCV  
  60  7:05  Marine x2  
  60  7:06  Marine  
  60  7:08  Hellion  
  66  7:13  SCV  
  67  7:16  SCV  
  68  7:25  SCV  
  68  7:28  SCV  
  70  7:34  Marine x2  
  70  7:35  Marine  
  73  7:43  Combat Shield  
  73  7:52  Marine  
  73  7:54  Armory, Starport Reactor  
  73  7:56  Marine x2, Engineering Bay  
  76  8:23  SCV  
  76  8:24  SCV  
  78  8:29  Supply Depot  
  78  8:34  Marine x2  
  78  8:35  Marauder  
  78  8:36  Supply Depot  
  78  8:37  Supply Depot  
  82  8:43  Supply Depot  
  82  9:02  Marine, Siege Tank  
  85  9:03  Marine x2  
  88  9:12  Terran Infantry Weapons Level 1  
  88  9:14  Terran Vehicle Weapons Level 1  
  88  9:16  Barracks  
  88  9:19  Barracks  
  88  9:20  Barracks, Marine  
  89  9:25  Marine x2  
  91  9:34  Medivac  
  93  9:42  Medivac  
  93  9:44  Marauder  
  97  10:38  Marine x3  
  97  10:39  Barracks Reactor x2  
  97  10:40  Marauder  
  97  10:41  Siege Tank  
  97  10:42  Medivac x2  
  94  11:01  Marauder  
  85  11:08  Marine x2  
  85  11:09  Marine  
  87  11:22  Marine  
  88  11:26  Marine x3  
  90  11:40  Marine  
  90  11:44  Marine x3  
Show
View Real Time Build Order
Export as new Build Order

IMGsaibh Protoss - Winner!

Build Orders: Phoenix Opening, Carriers 

Get SALT Encoding   

  12  0:01  Probe  
  13  0:13  Probe  
  14  0:20  Pylon  
  14  0:25  Probe  
  15  0:38  Probe  
  15  0:41  Gateway  
  16  0:50  Probe, Assimilator  
  17  1:03  Probe  
  18  1:15  Probe  
  19  1:27  Probe  
  19  1:40  Cybernetics Core  
  19  1:44  Probe  
  20  1:47  Assimilator  
  20  1:51  Pylon  
  20  1:56  Probe  
  21  2:07  Warp Gate  
  21  2:08  Probe  
  22  2:19  Nexus  
  22  2:20  Probe  
  23  2:23  Sentry  
  25  2:32  Probe  
  26  2:44  Probe  
  26  2:50  Sentry  
  29  2:56  Probe  
  30  3:00  Stargate  
  30  3:07  Phoenix  
  30  3:08  Probe  
  30  3:10  Pylon  
  31  3:28  Probe  
  32  3:40  Probe, Nexus  
  33  3:47  Probe  
  34  3:53  Probe  
  34  3:55  Phoenix  
  35  3:58  Void Ray  
  35  3:59  Probe  
  36  4:03  Stalker  
  42  4:11  Probe  
  42  4:14  Probe  
  44  4:23  Probe, Pylon  
  45  4:26  Probe  
  45  4:31  Probe  
  46  4:38  Probe, Void Ray  
  48  4:39  Probe, Pylon  
  49  4:51  Probe  
  54  4:53  Fleet Beacon  
  54  4:55  Probe  
  55  5:00  Phoenix  
  55  5:02  Shield Battery  
  55  5:04  Probe  
  55  5:06  Assimilator  
  55  5:07  Probe x2, Assimilator  
  58  5:15  Probe  
  58  5:16  Probe  
  58  5:18  Carrier  
  58  5:21  Stargate  
  60  5:24  Probe  
  61  5:29  Probe x2  
  61  5:34  Pylon  
  63  5:37  Probe  
  63  5:41  Probe  
  71  5:54  Carrier  
  71  5:56  Probe  
  67  5:58  Probe  
  68  6:11  Nexus  
  74  6:13  Pylon  
  74  6:15  Carrier  
  74  6:20  Shield Battery  
  74  6:23  Pylon  
  74  6:28  Pylon  
  80  6:33  Stargate  
  80  6:41  Probe, Stargate  
  80  6:45  Stargate  
  80  6:46  Pylon  
  81  6:50  Shield Battery  
  81  6:52  Shield Battery  
  81  6:54  Carrier, Shield Battery  
  81  6:56  Shield Battery  
  87  7:02  Probe  
  87  7:04  Pylon  
  87  7:07  Carrier  
  88  7:14  Assimilator  
  88  7:18  Assimilator  
  88  7:21  Probe x2, Carrier  
  96  7:24  Probe  
  96  7:28  Carrier  
  109  7:38  Twilight Council  
  109  7:40  Probe  
  109  7:41  Probe  
  111  8:04  Carrier  
  111  8:07  Phoenix  
  111  8:11  Gateway  
  117  8:13  Gateway x2  
  117  8:15  Gateway  
  117  8:16  Probe x2  
  117  8:17  Gateway  
  117  8:18  Pylon  
  119  8:20  Protoss Air Weapons Level 1  
  119  8:24  Void Ray  
  123  8:29  Probe x2  
  125  8:40  Carrier  
  125  8:47  Zealot  
  127  8:53  Phoenix, Flux Vanes  
  127  8:54  Carrier  
  133  8:56  Templar Archives  
  133  8:58  Probe x2  
  141  9:12  Pylon  
  141  9:15  Pylon  
  141  9:22  Charge  
  141  9:23  Psionic Storm  
  141  9:30  Probe x2  
  143  9:36  Carrier  
  149  9:41  Pylon  
  149  9:42  Pylon  
  149  9:44  Pylon  
  149  9:45  Tempest  
  149  9:50  Pylon  
  149  9:52  Pylon  
  154  9:55  Tempest  
  154  9:56  Pylon  
  159  10:19  Forge  
  159  10:21  Forge  
  159  10:31  Nexus  
  159  10:40  Pylon  
  129  11:08  Probe  
  154  11:27  Robotics Facility  
Tags
 
Add a new tag
Caveats
  • Supply blocks, unpowered buildings, or Contaminate may cause inaccurate times.
  • Supply counts are checked every 10 seconds.